 Dungeon Crawl Stone Soup version 0.20.1-1-g8b1a95d (webtiles) character file.

30329 Mesmaeker13 the Blocker (level 13, -5/122 HPs)
             Began as a Minotaur Fighter on Dec 18, 2017.
             Was a High Priest of Trog.
             Shot with an arrow by Nessos (10 damage)
             ... on level 5 of the Lair of Beasts.
             The game lasted 00:24:12 (12928 turns).

Mesmaeker13 the Blocker (Minotaur Fighter)         Turns: 12928, Time: 00:24:13

Health: -5/122     AC: 15    Str: 25    XL:     13   Next: 20%
Magic:  0/12       EV:  7    Int:  7    God:    Trog [*****.]
Gold:   1042       SH:  0    Dex: 15    Spells: 12/12 levels left

rFire    . . .     SeeInvis +   a - +3 war axe (elec)
rCold    + . .     Gourm    .   c - +0 shield
rNeg     . . .     Faith    .   K - +1 plate armour {MR+}
rPois    .         Spirit   +   k - +2 hat
rElec    .         Reflect  .   e - +0 cloak
rCorr    .         Harm     .   (no gloves)
MR       +++..                  (no boots)
Stlth    ..........             i - amulet of guardian spirit
Regen    1.3/turn               X - +4 ring of dexterity (curse)
MPRegen  0.2/turn               L - ring of see invisible

@: confused, lethally poisoned (-5 -> -54), berserk cooldown, regenerating
A: retaliatory headbutt, claws 1, horns 2, cold resistance 1, deformed body,
strong 1
a: Berserk, Trog's Hand, Brothers in Arms, Burn Spellbooks, Renounce Religion


You were on level 5 of the Lair of Beasts.
You worshipped Trog.
Trog was extremely pleased with you.
You were very hungry.

You visited 3 branches of the dungeon, and saw 16 of its levels.
You also visited: Volcano.

You collected 1042 gold pieces.

Inventory:

Hand Weapons
 a - a +3 war axe of electrocution (weapon)
 J - a +4 scimitar of flaming
 P - the cursed +1 great sword of Kougah {drain, +Blink rPois Str+4 Dex+4, unknown}
   (You found it on level 1 of the Lair of Beasts)

   A truly terrible weapon, it drains the life of those it strikes.
   It affects your strength (+4).
   It affects your dexterity (+4).
   It protects you from poison.
   It lets you blink.
   It has a curse placed upon it.
Missiles
 Y - 2 throwing nets (quivered)
Armour
 c - a +0 shield (worn)
 e - a +0 cloak (worn)
 k - a +2 hat (worn)
 K - a +1 plate armour of magic resistance (worn)
 S - a +0 large shield
 Z - a +0 chain mail of fire resistance
Jewellery
 i - an amulet of guardian spirit (around neck)
 L - a ring of see invisible (right claw)
 X - a cursed +4 ring of dexterity (left claw)
Wands
 R - a wand of digging (11/24)
Scrolls
 d - a scroll of noise {unknown}
 m - 3 scrolls of random uselessness {unknown}
 o - 3 scrolls of fear {unknown}
 p - 3 scrolls of blinking {unknown}
 t - a scroll of summoning {unknown}
 x - 3 scrolls of amnesia
 y - 3 scrolls of magic mapping {unknown}
 I - 4 scrolls of remove curse
Potions
 j - 2 potions of flight {unknown}
 l - a potion of ambrosia
 n - a potion of invisibility {unknown}
 u - a potion of mutation
 z - 2 potions of agility {unknown}
 A - 3 potions of might
 B - 4 potions of brilliance
 D - 3 potions of cancellation
 W - 2 potions of berserk rage {unknown}
Books
 F - a book of Maledictions

   Spells                             Type                      Level
   a - Corona                         Hexes                        1
   b - Ensorcelled Hibernation        Hexes/Ice                    2
   c - Confuse                        Hexes                        3
   d - Tukima's Dance                 Hexes                        3
   e - Dazzling Spray                 Conjuration/Hexes            3
   Trog disapproves of the use of such an item.
Miscellaneous
 b - a lamp of fire
Comestibles
 f - 10 bread rations
 g - a chunk of flesh
 w - a royal jelly
 H - 2 fruits
 V - 2 meat rations


   Skills:
 + Level 13.5 Fighting
 + Level 13.4 Axes
 + Level 13.5 Armour
 + Level 13.8 Shields


You had 12 spell levels left.
You didn't know any spells.

Dungeon Overview and Level Annotations

Branches:
Dungeon (10/15)            Temple (1/1) D:4            Lair (5/6) D:8
  Swamp (0/4) Lair:4        Snake (0/4) Lair:2          Orc (0/2) D:10
  Slime: Lair:5-6

Altars:
Ashenzari
Cheibriados
Dithmenos
Elyvilon
Fedhas
Gozag
Hepliaklqana
Kikubaaqudgha
Makhleb
Nemelex Xobeh
Okawaru
Qazlal
Ru
Sif Muna
Trog
Uskayaw
Vehumet
Xom
Yredelemnul
Zin
The Shining One

Annotations:
Lair:5 Nessos


Innate Abilities, Weirdness & Mutations

You reflexively headbutt those who attack you in melee.
You have a pair of horns on your head.
You have sharp fingernails.
Your flesh is cold resistant. (rC+)
Armour fits poorly on your strangely shaped body.
Your muscles are strong. (Str +2)


Message History

Unknown command.
* * * LOW HITPOINT WARNING * * *
You feel very sick.
You see here 11 arrows.
Okay, then.
It was a potion of mutation.
You feel extremely strange.
You feel stronger.
Your fingernails lengthen.
Your body twists and deforms.
You feel resistant to cold.
* * * LOW HITPOINT WARNING * * *
You feel very sick.
It was a potion of ambrosia.
You are confused.
You feel invigorated.
* * * LOW HITPOINT WARNING * * *
You feel very sick.
Nessos shoots an arrow.
The arrow hits you!!
* * * LOW HITPOINT WARNING * * *
The arrow burns you!
You are more poisoned.
You die...

...#...##.P..♣##P#
...#.#........♣≈≈#
...............P♣♣#
............§..≈≈≈♣
..............P≈≈≈♣
..............PP≈≈P
...........c..PP≈c#
..........†(##♣P♣
.......P##†(@♣
...#..Y..###.##
....####.P.##..#
......##.Y#Y###(##
#....###...###...#
#....#.#P.. #.#..#
#.....###..###..##
......###... ##.#
........#.####..#


You could see Nessos.

Vanquished Creatures
  A stone giant (Volcano)
  2 hydras (Lair:4)
  The ghost of othur the Cleaver, a novice MiFi of Elyvilon (D:8)
  5 death yaks (Lair:5)
  The ghost of hilaritas the Geomancer, a novice DEEE of Vehumet (D:9)
  Pikel (D:4)
  5 black mambas
  Joseph (D:7)
  7 spiny frogs
  A gargoyle (D:7)
  2 rime drakes
  4 komodo dragons
  A troll (D:9)
  The ghost of ceb the Cudgeler, an amateur DsGl of Okawaru (D:4)
  11 blink frogs
  Prince Ribbit (D:7)
  7 hippogriffs
  Sigmund (D:2)
  23 yaks
  A human (D:7)
  A fire elemental (Volcano)
  4 hogs (D:7)
  Menkaure (D:7)
  2 swamp worms (Lair:4)
  10 water moccasins
  5 porcupines
  2 hell hounds (D:8)
  3 sky beasts
  Duvessa (D:7)
  A black bear (D:8)
  5 orc warriors
  An ice beast (D:5)
  13 ogres
  A phantom (D:10)
  A necrophage (D:10)
  4 wolves (Lair:3)
  3 centaurs
  12 crocodiles
  2 big kobolds
  A gnoll sergeant (D:4)
  14 bullfrogs
  An earth elemental (Volcano)
  2 scorpions
  Dowan (D:7)
  2 killer bees (D:10)
  7 crimson imps
  A howler monkey (D:4)
  4 lava snakes (D:7)
  A quasit (D:10)
  A bullfrog zombie (D:7)
  3 hounds
  10 orc wizards
  3 gnoll shamans (D:9)
  8 orc priests
  A centaur skeleton (D:7)
  Ijyb (D:3)
  5 iguanas
  5 worker ants
  2 hound zombies (D:8)
  A howler monkey zombie (D:8)
  18 adders
  19 gnolls
  2 worms
  4 dart slugs
  4 leopard geckos
  46 orcs
  11 bats
  3 giant cockroaches
  3 goblins
  8 hobgoblins
  9 jackals
  12 quokkas
  8 frilled lizards
  A giant cockroach zombie (D:5)
  10 kobolds
  A quokka skeleton (D:9)
  4 rats
  A spectral orc (D:7)
  2 fungi
  2 plants
391 creatures vanquished.

Vanquished Creatures (collateral kills)
  An efreet (Volcano)
  A fire elemental (Volcano)
2 creatures vanquished.

Vanquished Creatures (others)
  A slave (D:4)
  A hound (D:4)
  A quokka (D:4)
  4 fungi (D:9)
  3 plants
10 creatures vanquished.

Grand Total: 403 creatures vanquished

Notes
Turn   | Place    | Note
-------+----------+-------------------------------------------
     0 | D:1      | Mesmaeker13 the Minotaur Fighter began the quest for the Orb.
     0 | D:1      | Reached XP level 1. HP: 19/19 MP: 0/0
   168 | D:1      | Reached XP level 2. HP: 27/27 MP: 1/1
   564 | D:2      | Noticed Sigmund
   572 | D:1      | Reached XP level 3. HP: 18/33 MP: 2/2
   900 | D:2      | Killed Sigmund
   900 | D:2      | Reached skill level 5 in Armour
   900 | D:2      | Reached XP level 4. HP: 25/41 MP: 3/3
   900 | D:2      | Reached XP level 5. HP: 29/47 MP: 4/4
  1060 | D:2      | Found a sparkling altar of Nemelex Xobeh.
  1486 | D:3      | Reached skill level 5 in Shields
  1541 | D:3      | Reached XP level 6. HP: 26/55 MP: 5/5
  1542 | D:3      | Reached skill level 5 in Fighting
  1622 | D:3      | Found a hide-covered altar of Uskayaw.
  1758 | D:3      | Noticed Ijyb
  1783 | D:3      | Killed Ijyb
  1990 | D:3      | Found a glowing golden altar of the Shining One.
  2085 | D:4      | Found a staircase to the Ecumenical Temple.
  2094 | D:4      | Noticed ceb's ghost (amateur DsGl)
  2114 | D:4      | Killed ceb's ghost
  2114 | D:4      | Reached skill level 5 in Axes
  2114 | D:4      | Reached XP level 7. HP: 29/61 MP: 3/6
  2120 | Temple   | Entered the Ecumenical Temple
  2152 | Temple   | Became a worshipper of Trog the Wrathful
  2539 | D:4      | Found a hazy altar of Hepliaklqana.
  2667 | D:4      | Noticed Pikel
  2706 | D:4      | Killed Pikel
  2706 | D:4      | Reached XP level 8. HP: 41/71 MP: 4/7
  3094 | D:4      | Reached * piety under Trog
  3165 | D:4      | Noticed a hippogriff
  3181 | D:4      | Killed a hippogriff
  3229 | D:5      | Entered Level 5 of the Dungeon
  3582 | D:5      | Reached XP level 9. HP: 57/80 MP: 5/8
  4142 | D:6      | Found a snail-covered altar of Cheibriados.
  4142 | D:6      | Found a burning altar of Makhleb.
  4142 | D:6      | Found an opulent altar of Gozag.
  4142 | D:6      | Found an iron altar of Okawaru.
  4160 | D:6      | Found a shattered altar of Ashenzari.
  4160 | D:6      | Found a radiant altar of Vehumet.
  4695 | D:6      | Reached ** piety under Trog
  4784 | D:7      | Noticed Menkaure
  4982 | D:7      | Killed Menkaure
  5044 | D:7      | Noticed Joseph
  5061 | D:7      | Killed Joseph
  5191 | D:7      | Noticed a gargoyle
  5212 | D:7      | Killed a gargoyle
  5212 | D:7      | Reached XP level 10. HP: 52/91 MP: 3/9
  5493 | D:7      | Found a shattered altar of Ashenzari.
  5583 | D:7      | Found an iron altar of Okawaru.
  5766 | D:7      | Noticed Prince Ribbit
  5776 | D:7      | Found an ancient bone altar of Kikubaaqudgha.
  5779 | D:7      | Killed Prince Ribbit
  5913 | D:7      | Reached *** piety under Trog
  6206 | D:7      | Reached skill level 10 in Shields
  6283 | D:7      | Found a basalt altar of Yredelemnul.
  6283 | D:7      | Noticed Duvessa
  6283 | D:7      | Noticed Dowan
  6290 | D:7      | Killed Dowan
  6294 | D:7      | Killed Duvessa
  6294 | D:7      | Reached skill level 10 in Armour
  6434 | D:8      | Noticed othur's ghost (novice MiFi)
  6470 | D:8      | Killed othur's ghost
  6470 | D:8      | Reached skill level 10 in Fighting
  6470 | D:8      | Reached skill level 10 in Axes
  7290 | D:8      | Found a staircase to the Lair.
  7695 | D:9      | Reached **** piety under Trog
  7700 | D:9      | Reached XP level 11. HP: 101/101 MP: 10/10
  7880 | D:9      | Noticed hilaritas's ghost (novice DEEE)
  7901 | D:9      | Killed hilaritas's ghost
  8456 | D:10     | Entered Level 10 of the Dungeon
  8519 | D:10     | Reached ***** piety under Trog
  8776 | D:10     | Found a staircase to the Orcish Mines.
  9013 | Lair:1   | Entered Level 1 of the Lair of Beasts
  9231 | Lair:1   | Got a faintly glowing great sword
  9285 | Lair:1   | Received a gift from Trog
  9569 | Lair:1   | Found a dark tunnel.
  9578 | Volcano  | Entered a volcano
  9650 | Volcano  | Noticed a stone giant
  9666 | Volcano  | Killed a stone giant
  9666 | Volcano  | Reached XP level 12. HP: 44/112 MP: 3/11
 10432 | Lair:2   | Found a staircase to the Snake Pit.
 12012 | Lair:4   | Noticed a five-headed hydra
 12020 | Lair:4   | Killed a one-headed hydra
 12200 | Lair:4   | Found a staircase to the Swamp.
 12241 | Lair:4   | Noticed a four-headed hydra
 12262 | Lair:4   | Killed a one-headed hydra
 12408 | Lair:4   | Found a labyrinth entrance.
 12668 | Lair:4   | Reached XP level 13. HP: 113/122 MP: 10/12
 12903 | Lair:5   | Noticed Nessos
 12918 | Lair:5   | HP: 6/122 [Nessos/arrow (3)]
 12927 | Lair:5   | Gained mutation: Your muscles are strong. (Str +2) [potion of mutation]
 12927 | Lair:5   | Gained mutation: You have sharp fingernails. [potion of mutation]
 12927 | Lair:5   | Gained mutation: Armour fits poorly on your strangely shaped body. [potion of mutation]
 12927 | Lair:5   | Gained mutation: Your flesh is cold resistant. (rC+) [potion of mutation]
 12928 | Lair:5   | HP: 5/122 [Nessos/arrow (20)]
 12928 | Lair:5   | Shot with an arrow by Nessos

Skill      XL: |  1  2  3  4  5  6  7  8  9 10 11 12 |
---------------+-------------------------------------+-----
Shields        | 4 5 6 7 9 10 12 13 | 13.8
Armour         | 4 5 6 7 8 9 10 12 13 | 13.5
Axes           | 3 4 5 6 7 9 10 12 13 | 13.4
Fighting       | 4 5 6 7 9 10 12 13 | 13.5

Action                   |  1- 3 |  4- 6 |  7- 9 | 10-12 | 13-15 || total
-------------------------+-------+-------+-------+-------+-------++-------
Melee: War axe           |    48 |   140 |   270 |   722 |    29 ||  1209
       Headbutt          |     6 |    13 |    67 |   123 |     9 ||   218
       Scimitar          |       |       |       |    10 |       ||    10
Throw: Throwing net      |       |       |     2 |     2 |       ||     4
       Tomahawk          |       |       |     1 |       |       ||     1
Invok: Burn Spellbooks   |       |       |     1 |       |       ||     1
       Berserk           |       |       |     2 |     4 |     1 ||     7
       Trog's Hand       |       |       |       |     3 |     2 ||     5
       Brothers in Arms  |       |       |       |     1 |       ||     1
Evoke: Wand              |       |       |     1 |       |       ||     1
  Use: Scroll            |     3 |     1 |     5 |     9 |     1 ||    19
       Potion            |       |     1 |       |       |     8 ||     9
  Eat: Chunk             |       |    14 |     4 |    31 |     1 ||    50
Armor: Scale mail        |    17 |    71 |    88 |       |       ||   176
       Plate armour      |       |       |    41 |   308 |    12 ||   361
Dodge: Dodged            |    12 |    49 |    64 |   140 |     3 ||   268
Block: Shield            |    22 |    66 |   144 |   406 |    14 ||   652
